AoeStats
← JAMTART

Black Forest

505407522Analyzed
4v4 RM · 24d ago on Sep 9, 2026· 62m 38s· 8 players
Game mode
Random Map
Map size
Large (8 player)
Population
200
Speed
Normal
Resources
Standard
Victory
Conquest
Starting age
Dark Age
Ending age
Imperial Age
RankedLock teamsTeams togetherTeam positionsShared explorationLock speedFull tech treeHidden civsTurbo modeCheats
Victory
Defeat
🇹🇼 Portuguese · Taiwan
755
+17
🇦🇺 Franks · Australia
750
+17
🇦🇺 Spanish · Australia
710
+19
🇨🇳 Japanese · China
681
+20
🇩🇪 Persians · Germany
817
-20
🇰🇼 Saracens · Kuwait
816
-20
🇰🇿 Cumans · Kazakhstan
767
-18
🇬🇧 Spanish · United Kingdom
695
-15
JR125941
15:01 Feudal Age
26:39 Castle Age
25:02 Double-Bit Axe
25:32 Forging
26:19 Scale Barding Armor
27:54 Bow Saw
34:31 Imperial Age
34:22 Wheelbarrow
33:50 Stone Mining
33:51 Gold Mining
35:38 Gold Shaft Mining
35:19 Husbandry
34:39 Cavalier
38:11 Chemistry
37:23 Fortified Wall
37:43 Conscription
38:57 Ballistics
41:01 Hand Cart
41:22 Paladin
42:50 Chivalry
43:19 Chain Barding Armor
43:36 Iron Casting
44:35 #83
59:07 Onager
59:09 Capped Ram
板蓝根
9:02 Loom
12:37 Feudal Age
14:45 Double-Bit Axe
15:32 Gold Mining
17:56 Horse Collar
20:34 Wheelbarrow
26:56 Castle Age
29:05 Hand Cart
29:09 Bow Saw
29:39 Gold Shaft Mining
28:57 Stone Mining
29:09 Heavy Plow
35:04 Imperial Age
33:58 Treadmill Crane
34:00 Pikeman
34:41 Squires
34:46 Crossbowman
35:32 Thumb Ring
38:18 Arbalester
39:38 Halberdier
44:47 Elite Samurai
46:42 Two-Man Saw
47:11 Fletching
47:45 Ballistics
48:25 Chemistry
47:24 Murder Holes
51:01 Kataparuto
51:05 Conscription
51:46 Elite Skirmisher
62:55 Hoardings
62:36 Masonry
62:35 Siege Engineers
61:54 Onager
61:55 Capped Ram
61:57 Heavy Scorpion
samaffleck1
12:13 Feudal Age
14:13 Double-Bit Axe
14:12 Horse Collar
20:25 Castle Age
19:38 Gold Mining
19:39 Stone Mining
20:07 Man-at-Arms
22:41 Caravan
23:59 Wheelbarrow
24:42 Heavy Plow
28:22 Hand Cart
32:13 Bow Saw
35:24 Imperial Age
33:24 Ballistics
33:17 Forging
33:08 Padded Archer Armor
35:20 Husbandry
35:30 Bloodlines
36:27 Stone Shaft Mining
36:35 Iron Casting
36:00 Scale Mail Armor
37:14 Conscription
38:13 Two-Man Saw
38:18 Chemistry
37:30 Masonry
37:23 Elite Conquistador
37:26 Cavalier
38:33 Light Cavalry
39:43 Leather Archer Armor
40:28 Blast Furnace
39:44 Chain Mail Armor
40:15 Paladin
43:47 Pikeman
45:39 Ring Archer Armor
45:16 Scale Barding Armor
45:39 Halberdier
45:49 Long Swordsman
46:15 Gambesons
46:30 Squires
46:16 Arson
47:37 Blast Furnace
47:07 Plate Mail Armor
46:28 Fletching
53:58 Plate Mail Armor
53:48 Chain Barding Armor
53:24 Bodkin Arrow
54:03 Bombard Tower
53:29 Arrowslits
53:35 Guard Tower
老多金仙人
0:57 Loom
13:16 Feudal Age
13:52 Double-Bit Axe
20:06 Castle Age
18:03 Stone Mining
18:47 Gold Mining
18:39 Horse Collar
19:30 Fishing Lines
22:38 Wheelbarrow
24:18 Fervor
27:03 Gillnets
27:49 Bow Saw
29:27 Treadmill Crane
33:03 Imperial Age
32:24 Fletching
32:32 Murder Holes
33:06 Fortified Wall
33:41 Heavy Plow
36:28 Ballistics
37:09 Chemistry
37:05 Guilds
36:59 Caravan
37:22 Masonry
38:43 Bodkin Arrow
39:17 Block Printing
39:27 Sanctity
39:18 Redemption
40:07 Bombard Tower
40:44 Bracer
42:11 Two-Man Saw
41:39 Herbal Medicine
43:13 Stone Shaft Mining
43:10 Crop Rotation
43:07 Atonement
44:26 Architecture
45:27 Hand Cart
46:00 Arquebus
48:25 Theocracy
48:13 Siege Engineers
51:23 Coinage
52:38 Conscription
52:24 Circumnavigation
54:10 Elite Organ Gun
62:28 Thumb Ring
61:45 Crossbowman
61:45 Elite Skirmisher
62:26 Arson
62:03 Pikeman
62:33 Gambesons
62:10 Man-at-Arms
63:15 Husbandry
63:26 Bloodlines
62:37 Cavalier
62:37 Light Cavalry
JAMTART
16:05 Feudal Age
16:37 Horse Collar
22:16 Double-Bit Axe
24:00 Man-at-Arms
36:10 Castle Age
34:04 Fletching
34:26 Forging
34:17 Scale Mail Armor
34:18 Padded Archer Armor
36:47 Elite Skirmisher
37:40 Heavy Plow
37:55 Bow Saw
37:31 Fishing Lines
37:30 Pikeman
37:31 Long Swordsman
37:57 Gambesons
38:14 Squires
38:00 Arson
41:02 Bodkin Arrow
41:43 Iron Casting
45:41 Imperial Age
43:51 Wheelbarrow
43:03 Loom
43:04 Town Watch
46:17 Gillnets
46:49 Hand Cart
46:35 Town Patrol
47:33 Halberdier
Françaisman
0:33 Loom
13:56 Feudal Age
17:34 Horse Collar
19:26 Double-Bit Axe
21:19 Wheelbarrow
20:32 Town Watch
27:43 Castle Age
25:54 Gold Mining
27:35 Stone Mining
29:35 Hand Cart
29:54 Heavy Plow
32:13 Gold Shaft Mining
35:49 Forging
35:44 Scale Barding Armor
40:40 Imperial Age
40:02 Bloodlines
39:13 Man-at-Arms
40:30 Steppe Husbandry
41:34 Iron Casting
41:19 Chain Barding Armor
40:49 Fletching
42:41 Crop Rotation
41:41 Elite Steppe Lancer
42:42 Caravan
42:48 Town Patrol
43:55 Blast Furnace
42:36 Elite Steppe Lancer
43:45 Bow Saw
45:04 Ballistics
45:45 Chemistry
44:41 Murder Holes
44:44 Bodkin Arrow
45:15 Cuman Mercenaries
45:36 Conscription
45:57 Parthian Tactics
45:39 Thumb Ring
45:06 Elite Kipchak
46:57 Conscription
45:58 Elite Kipchak
46:26 Crossbowman
46:39 Heavy Cavalry Archer
49:50 Plate Barding Armor
49:16 Padded Archer Armor
49:17 Scale Mail Armor
Mistăr
0:41 Loom
11:35 Feudal Age
11:53 Horse Collar
12:00 Double-Bit Axe
21:48 Castle Age
20:00 Gold Mining
20:03 Stone Mining
22:30 Bow Saw
22:42 Heavy Plow
24:49 Arson
26:44 Husbandry
26:54 Bloodlines
26:57 Forging
26:55 Scale Barding Armor
28:23 Gold Shaft Mining
28:30 Wheelbarrow
29:22 Squires
30:49 Stone Shaft Mining
30:57 Light Cavalry
32:01 Pikeman
33:18 Iron Casting
34:15 Chain Barding Armor
37:03 Imperial Age
35:07 Fletching
38:25 Two-Man Saw
38:05 Crop Rotation
38:00 Conscription
38:31 Hand Cart
38:39 Man-at-Arms
38:39 Halberdier
41:25 Two-Man Saw
41:02 Elite War Elephant
41:35 Long Swordsman
43:32 Blast Furnace
43:08 Masonry
44:01 Chemistry
43:27 Town Watch
44:03 Thumb Ring
43:19 Crossbowman
43:59 Bodkin Arrow
47:07 Masonry
47:18 Ballistics
47:20 Kamandaran
47:30 Citadels
48:04 Plate Barding Armor
47:30 Padded Archer Armor
48:45 Murder Holes
51:23 Heavy Camel Rider
Slayer953662
0:35 Loom
17:04 Feudal Age
18:21 Wheelbarrow
17:40 Double-Bit Axe
20:09 Gold Mining
24:03 Castle Age
24:56 Bow Saw
26:41 Gold Shaft Mining
25:50 Horse Collar
27:52 Heavy Plow
31:59 Hand Cart
38:31 Imperial Age
36:50 Stone Mining
37:23 Fortified Wall
43:23 Two-Man Saw
42:57 Town Watch
44:00 Forging
45:34 Iron Casting
45:06 Scale Barding Armor
46:24 Murder Holes
46:40 Masonry
46:23 Fletching
49:44 Blast Furnace
49:05 Chain Barding Armor
49:27 Bodkin Arrow
49:47 Bloodlines
49:38 Husbandry
50:34 Elite Mameluke
53:32 Plate Barding Armor
52:58 Bracer
59:04 Ballistics
59:48 Chemistry
Connection lost

Rejoining the realm…

Still unreachable

The connection could not be restored.

Session expired

The server has moved on; the page needs a fresh start.